 Dungeon Crawl Stone Soup version 0.27.1-33-g824d729ab1 (webtiles) character file.

Game seed: 1269657699248563669

115 Fortus the Skirmisher (level 5, -3/57 HPs)
             Began as an Ogre Fighter on Dec 12, 2021.
             Was an Initiate of Ashenzari.
             Slain by an orc (5 damage)
             ... on level 3 of the Dungeon.
             The game lasted 00:09:28 (3547 turns).

Fortus the Skirmisher (Ogre Fighter)                Turns: 3547, Time: 00:09:29

Health: -3/57      AC:  3    Str: 21    XL:     5   Next: 0%
Magic:  5/5        EV:  8    Int:  9    God:    Ashenzari [......]
Gold:   87         SH:  0    Dex:  8    Spells: 4/4 levels left

rFire    . . .     SeeInvis .   a - +0 flail
rCold    . . .     Faith    .   c - +0 kite shield
rNeg     . . .     Spirit   .   b - +0 robe of the Prescient Gnosis {Alch, Melee} (curse)
rPois    .         Reflect  .   (helmet restricted)
rElec    .         Harm     .   (no cloak)
rCorr    .         Rampage  .   (gloves unavailable)
Will     .....                  (boots unavailable)
Stlth    +.........             (no amulet)
HPRegen  0.19/turn              (no ring)
MPRegen  0.09/turn              (no ring)

@: confused
A: large, unfitting armour, tough skin 1
a: Renounce Religion, Curse Item, Shatter the Chains


You were on level 3 of the Dungeon.
You worshipped Ashenzari.
Ashenzari was noncommittal.
You visited 1 branch of the dungeon, and saw 4 of its levels.

You collected 87 gold pieces.

Inventory:

Hand Weapons
 a - a +0 flail (weapon)
Armour
 b - the cursed +0 robe of the Prescient Gnosis (worn) {Alch, Melee}

   It has a curse which improves the following skills: Alchemy: Poison Magic and
   Transmutations.
   Melee Combat: Short Blades, Long Blades, Axes, Maces & Flails, Polearms,
   Staves and Unarmed Combat.
 c - a +0 kite shield (worn)
Wands
 j - a wand of flame (16)
Scrolls
 e - a scroll of amnesia
 f - 2 scrolls of teleportation
 h - a scroll of fog
Potions
 g - a potion of degeneration
 i - a potion of brilliance


   Skills:
 + Level 5.0 Fighting
 * Level 3.4(3.9) Maces & Flails
 - Level 2.6 Dodging
 + Level 3.4 Shields


You had 4 spell levels left.
You didn't know any spells.
Your spell library contained the following spells:

 Spells                   Type           Power      Damage    Failure   Level
 Passage of Golubria      Tloc           N/A        N/A       100%        4
 Silence                  Hex/Air        0%         N/A       100%        5
 Lehudib's Crystal Spear  Conj/Erth      0%         10d2      100%        8


Dungeon Overview and Level Annotations

Branches:
Dungeon (4/15)
 Temple: D:4-7

Altars:
Ashenzari

Annotations:
D:2 1 runed translucent door, Crazy Yiuf


Innate Abilities, Weirdness & Mutations

You are too large for most types of armour.
You have tough skin. (AC +1)


Message History

* * * LOW HITPOINT WARNING * * *
Something hits you.
* * * LOW HITPOINT WARNING * * *
The orc hits you with a +0 dagger.
* * * LOW HITPOINT WARNING * * *
You feel much better. The orc closely misses you. Something hits you.
You block the orc's attack.
You barely miss the orc. The orc barely misses you.
Something hits you but does no damage. The orc hits you with a +0 dagger.
You hit the orc.
The orc is lightly wounded.
You block the orc's attack. Something hits you.
The orc hits you with a +0 dagger.
You closely miss the orc.
The orc is lightly wounded.
The orc hits you with a +0 hand axe.
You hear some strange, mumbled words.
You are confused.
The orc hits you with a +0 dagger. The orc closely misses you.
Something hits you. The orc hits you but does no damage.
You miss the orc.
The orc is lightly wounded.
The orc closely misses you. Something hits you.
* * * LOW HITPOINT WARNING * * *
The orc barely misses you.
You bump into the rock wall.
The orc hits you with a +0 hand axe.
* * * LOW HITPOINT WARNING * * *
Something hits you but does no damage. The orc hits you with a +0 dagger.
* * * LOW HITPOINT WARNING * * *
You hit the orc.
The orc is almost dead.
The orc hits you but does no damage. Something hits you.
* * * LOW HITPOINT WARNING * * *
The orc hits you but does no damage. The orc closely misses you.
Something hits you.
* * * LOW HITPOINT WARNING * * *
The orc hits you with a +0 dagger.
* * * LOW HITPOINT WARNING * * *
You miss something. The orc hits you with a +0 hand axe.
You die...

############...#......#
# # #...........#......#
# #..................# #
#.......(..>..###### #
####......#...# #
#......#...#
#######.....(##..#
.............?.{o#
#######......#.o@#
########.### ### #.#
..######## #.#
.........#####.##
..####..........# ..#
#..........# ..#
#..........########
..######.####...(......#


You could see 2 orcs.

Vanquished Creatures
  Terence (D:3)
  4 adders
  A dart slug (D:1)
  4 orcs (D:3)
  2 bats
  An endoplasm (D:3)
  A giant cockroach (D:3)
  5 goblins
  4 hobgoblins
  6 jackals
  4 quokkas
  3 ball pythons
  4 frilled lizards
  A kobold (D:2)
  5 rats
46 creatures vanquished.

Notes
Turn   | Place    | Note
-------+----------+-------------------------------------------
     0 | D:1      | Fortus the Ogre Fighter began the quest for the Orb.
     0 | D:1      | Reached XP level 1. HP: 24/24 MP: 1/1
   139 | D:1      | Found a faded altar of an unknown god.
   147 | D:1      | Became a worshipper of Ashenzari the Shackled
   223 | D:1      | Reached XP level 2. HP: 16/32 MP: 2/2
  1170 | D:1      | Reached XP level 3. HP: 39/40 MP: 3/3
  1859 | D:2      | Reached XP level 4. HP: 49/49 MP: 4/4
  2040 | D:2      | Found a runed translucent door.
  2041 | D:2      | Noticed Crazy Yiuf
  3084 | D:3      | Noticed Terence
  3106 | D:3      | Killed Terence
  3107 | D:3      | Reached skill level 5 in Fighting
  3527 | D:3      | Reached XP level 5. HP: 36/57 MP: 5/5
  3546 | D:3      | HP: 2/57 [orc (2)]
  3547 | D:3      | Slain by an orc

Illustrated notes

Levels and vault maps discovered:
D:1:      roderic_crop_circles_arrival_small, layout_basic,
          ebering_ecumenical_altar_mist
D:2:      layout_basic, uniq_crazy_yiuf_cottage
D:3:      layout_basic, uniq_terence
D:4:      layout_loops_ring, tgw_sif, lemuel_coloured_pillars_altar,
          nicolae_ossuary_entry_plus, uniq_eustachio

Skill      XL: |  1  2  3  4 |
---------------+-------------+-----
Maces & Flails | 2 3 |  3.4
Shields        | 3 |  3.4
Fighting       | 5 |  5.0
Dodging        | |  2.6

Action                   |  1- 3 |  4- 6 || total
-------------------------+-------+-------++-------
Melee: Flail             |    99 |    89 ||   188
Invok: Curse Item        |       |     1 ||     1
  Use: Potion            |     1 |     3 ||     4
 Stab: Distracted        |       |     1 ||     1
Armor: Robe              |    23 |    28 ||    51
Dodge: Dodged            |    40 |    41 ||    81
Block: Kite shield       |    42 |    47 ||    89
